 Dungeon Crawl Stone Soup version 0.31.0-2-g5a2aebc5c2 (webtiles) character file.

Game seed: 1217143466399300173

1591418 Leszczynek the Slayer (level 26, 302/302 HPs)
             Began as an Oni Hexslinger on Jan 20, 2024.
             Was a High Priest of Elyvilon.
             Escaped with the Orb
             ... and 3 runes!
             The game lasted 05:15:31 (73212 turns).

Leszczynek the Slayer (Oni Hexslinger)             Turns: 73212, Time: 05:15:31

Health: 302/302    AC: 14    Str: 28    XL:     26   Next: 71%
Magic:  39/39      EV: 17    Int: 18    God:    Elyvilon [*****.]
Gold:   1614       SH:  5    Dex: 23    Spells: 5/35 levels left

rFire   + + .        v - +6 giant spiked club (spect)
rCold   + . .        (shield currently unavailable)
rNeg    + . .        g - +3 acid dragon scales of the Assorted Mystics {rElec Regen+ rCorr Int+2}
rPois   .            z - +2 hood of the Assassin {Detect Stab+ Stlth++}
rElec   +            T - scarf {rC+ rF+}
rCorr   +            (gloves unavailable)
SInv    .            (boots unavailable)
Will    ++...        h - amulet of reflection
Stlth   ++           d - ring "Bupn" {rCorr Str+3 Dex+6 Slay+5}
HPRegen 1.50/turn    W - ring of Faump {rF+ rN+ Int+2 Dex+6}
MPRegen 0.26/turn

%: reflection
@: no status effects
A: large, unfitting armour, horns 1, tough skin 1, double potion healing,
drunken brawling, claws 1, clumsy 1, high MP 1, subdued magic 1, persistent
drain
0: Orb of Zot
}: 3/15 runes: decaying, serpentine, silver
a: Renounce Religion, Purification, Heal Other, Heal Self, Divine Vigour


You escaped.
You worshipped Elyvilon.
Elyvilon was extremely pleased with you.
You visited 10 branches of the dungeon, and saw 48 of its levels.
You also visited: Volcano and Wizlab.

You collected 7164 gold pieces.
You spent 5550 gold pieces at shops.

Inventory:

Hand Weapons
 a - a +9 giant spiked club
 v - a +6 spectral giant spiked club (weapon)
Missiles
 k - 15 silver javelins
 m - 2 throwing nets
 N - 15 javelins
 O - 28 curare-tipped darts
 R - 81 large rocks (quivered)
 S - 18 boomerangs
Armour
 f - +7 gold dragon scales
 g - the +3 acid dragon scales of the Assorted Mystics (worn) {rElec Regen+ rCorr Int+2}
   (You bought it in a shop on level 1 of the Snake Pit)

   Int+2:     It affects your intelligence (+2).
   rElec:     It insulates you from electricity.
   Regen+:    It increases your rate of health regeneration.
   rCorr:     It protects you from acid and corrosion.
 o - +7 storm dragon scales
 t - a +2 cloak of preservation
 z - the +2 hood of the Assassin (worn) {Detect Stab+ Stlth++}
   (You bought it in a shop on level 5 of the Vaults)

   Detect:    It allows the wearer to sense nearby creatures.
   Stab+:     It allows the wearer to make particularly effective stabbing
   attacks against helpless or unaware enemies with any weapon.
   Stlth++:   It makes you much more stealthy.
 T - a scarf of resistance (worn)
Jewellery
 d - the ring "Bupn" (left claw) {rCorr Str+3 Dex+6 Slay+5}
   (You bought it in a shop on level 1 of the Dungeon)

   [ring of dexterity]

   Str+3:     It affects your strength (+3).
   Dex+6:     It affects your dexterity (+6).
   Slay+5:    It affects your accuracy & damage with ranged weapons and melee
   (+5).
   rCorr:     It protects you from acid and corrosion.
 h - an amulet of reflection (around neck)
 i - a ring of protection from cold
 n - a ring of see invisible
 p - a ring of poison resistance
 A - a ring of protection from fire
 Q - a ring of willpower
 V - a ring of willpower
 W - the ring of Faump (right claw) {rF+ rN+ Int+2 Dex+6}
   (You took it off a deep elf demonologist on level 3 of the Elven Halls)

   [ring of dexterity]

   Int+2:     It affects your intelligence (+2).
   Dex+6:     It affects your dexterity (+6).
   rF+:       It protects you from fire.
   rN+:       It protects you from negative energy.
Wands
 l - a wand of polymorph (10)
 q - a wand of mindburst (19)
 y - a wand of flame (90)
 B - a wand of charming (46)
 G - a wand of digging (7)
 J - a wand of roots (62)
 K - a wand of light (14)
Scrolls
 c - a scroll of blinking
 j - 12 scrolls of teleportation
 u - 3 scrolls of poison
 E - 4 scrolls of fear
 M - 3 scrolls of summoning
 P - 7 scrolls of silence {!r}
 U - 13 scrolls of fog
Potions
 b - 4 potions of ambrosia
 r - 3 potions of resistance
 s - 3 potions of curing {@q1}
 w - 6 potions of might
 C - 2 potions of invisibility
 D - 2 potions of haste
 F - 3 potions of cancellation
 H - 9 potions of enlightenment
 L - 8 potions of mutation {!q}
 X - 2 potions of berserk rage {!q}
 Y - 4 potions of heal wounds {@q2}
Miscellaneous
 e - a phial of floods
 Z - a lightning rod (4/4)


   Skills:
 - Level 24.5 Fighting
 - Level 23.1 Maces & Flails
 - Level 1.3 Ranged Weapons
 * Level 22.1 Throwing
 - Level 9.3 Armour
 * Level 10.5 Dodging
 - Level 5.0 Spellcasting
 - Level 7.0 Hexes
 - Level 8.0 Summonings
 - Level 8.7 Translocations
 - Level 0.8 Fire Magic
 - Level 5.0 Ice Magic
 + Level 18.5 Invocations
 - Level 11.0 Evocations


You had 5 spell levels left.
You knew the following spells:

 Your Spells              Type           Power      Damage    Failure   Level
a - Jinxbite              Hex            46%        N/A       1%          2
b - Lesser Beckoning      Tloc           54%        N/A       1%          2
c - Call Canine Familiar  Summ           25%        N/A       1%          3
d - Summon Ice Beast      Ice/Summ       21%        N/A       2%          3
e - Summon Forest         Summ/Tloc      13%        N/A       12%         5
q - Ozocubu's Armour      Ice            17%        N/A       4%          3
w - Summon Mana Viper     Hex/Summ       24%        N/A       16%         5
x - Dimensional Bullseye  Hex/Tloc       12%        N/A       4%          4
A - Apportation           Tloc           54%        N/A       1%          1
B - Blink                 Tloc           54%        N/A       1%          2

Your spell library contained the following spells:

 Spells                   Type           Power      Damage    Failure   Level
 Summon Small Mammal      Summ           100%       N/A       1%          1
 Ensorcelled Hibernation  Hex/Ice        40%        N/A       1%          2
 Gell's Gravitas          Tloc           27%        N/A       1%          3
 Sigil of Binding         Hex            23%        N/A       1%          3
 Teleport Other           Tloc           27%        N/A       1%          3
 Momentum Strike          Conj/Tloc      30%        3d8       2%          2
 Inner Flame              Hex/Fire       14%        N/A       7%          3
 Cause Fear               Hex            11%        N/A       7%          4
 Necrotise                Necr           12%        1d4       13%         1
 Shock                    Conj/Air       12%        1d3       13%         1
 Sting                    Conj/Alch      12%        1d3       13%         1
 Hailstorm                Conj/Ice       10%        3d6       13%         3
 Mercury Vapours          Alch/Air       6%         N/A       19%         2
 Searing Ray              Conj           6%         2d4       19%         2
 Static Discharge         Conj/Air       6%         3-4/arc   19%         2
 Summon Blazeheart Golem  Fire/Summ      15%        N/A       21%         4
 Vhi's Electric Charge    Tloc/Air       30%        N/A       22%         4
 Animate Armour           Summ/Erth      28%        N/A       24%         4
 Summon Lightning Spire   Summ/Air       14%        N/A       24%         4
 Anguish                  Hex/Necr       6%         N/A       30%         4
 Metabolic Englaciation   Hex/Ice        10%        N/A       30%         5
 Fugue of the Fallen      Necr           3%         N/A       36%         3
 Mephitic Cloud           Conj/Alch/Air  3%         N/A       36%         3
 Passwall                 Erth           3%         N/A       36%         3
 Stone Arrow              Conj/Erth      6%         3d7       36%         3
 Swiftness                Air            3%         N/A       36%         3
 Silence                  Hex/Air        6%         N/A       65%         5
 Ignite Poison            Fire/Alch      4%         N/A       73%         4
 Sticky Flame             Fire/Alch      4%         2d4       73%         4
 Airstrike                Air            1%         2d(1-17)  80%         4
 Brom's Barrelling Bould  Conj/Erth      3%         2d3       80%         4
 Fulminant Prism          Conj/Alch      1%         3d5       80%         4
 Freezing Cloud           Conj/Ice/Air   4%         6-21      89%         5
 Fireball                 Conj/Fire      2%         3d4       97%         5
 Alistair's Intoxication  Alch           2%         N/A       98%         5
 Arcjolt                  Conj/Air       1%         1d11      98%         5
 Borgnjor's Vile Clutch   Necr/Erth      1%         N/A       98%         5
 Iskenderun's Battlesphe  Conj           3%         2d6       98%         5
 Dispersal                Tloc           13%        N/A       50%         6
 Summon Cactus Giant      Summ           12%        N/A       61%         6
 Malign Gateway           Summ/Tloc      13%        N/A       98%         7
 Conjure Ball Lightning   Conj/Air       1%         3x3d6     100%        6
 Eringya's Noxious Bog    Alch           1%         4d6       100%        6
 Plasma Beam              Fire/Air       2%         2x1d12    100%        6
 Sculpt Simulacrum        Ice/Alch       5%         N/A       100%        6
 Orb of Destruction       Conj           1%         9d5       100%        7
 Spellforged Servitor     Conj/Summ      7%         N/A       100%        7
 Discord                  Hex            11%        N/A       100%        8
 Disjunction              Tloc           13%        N/A       100%        8
 Lehudib's Crystal Spear  Conj/Erth      1%         10d2      100%        8


Dungeon Overview and Level Annotations

Branches:
Dungeon (15/15)            Temple (1/1) D:5            Lair (5/5) D:11
  Swamp (4/4) Lair:2        Snake (4/4) Lair:3        Slime (0/5) Lair:4
    Orc (2/2) D:9             Elf (3/3) Orc:2        Vaults (5/5) D:14
  Crypt (0/3) Vaults:3     Depths (4/4) D:15            Zot (5/5) Depths:4
Volcano (visited)          WizLab (visited)

Altars:
Ashenzari
Cheibriados
Dithmenos
Elyvilon
Fedhas
Gozag
Hepliaklqana
Kikubaaqudgha
Makhleb
Nemelex Xobeh
Okawaru
Qazlal
Ru
Sif Muna
Trog
Uskayaw
Vehumet
Wu Jian
Xom
Yredelemnul
Zin
The Shining One
Jiyva

Shops:
D:1 =[   D:13 *   Orc:2 (=(=   Snake:1 :=:*   Vaults:3 :   Vaults:5 [
Depths:4 :*

Portals:
Hell: Depths:1 Depths:2 Depths:3 Depths:4
Abyss: Depths:1 Depths:3 Depths:4
Pandemonium: Depths:2 Depths:3
Ziggurat: Depths:1
Trove: Vaults:1 (give 2 scrolls of acquirement)

Annotations:
Lair:4 1 exclusion
Swamp:2 Jorgrun
Swamp:4 Roxanne
Snake:3 Vashnia
Orc:2 2 transporters, Skimidon's ghost, journeyman MiFi
Elf:1 3 runed translucent doors
Vaults:2 2 transporters, exclusion: obsidian statue
Vaults:4 Mennas
Depths:1 exclusions: 2 daevas and 2 more exclusions
Depths:3 3 runed translucent doors


Innate Abilities, Weirdness & Mutations

You are too large for most types of armour.
You have a pair of small horns on your head.
You have tough skin. (AC +1)
You gain doubled healing and magic from potions.
Whenever you drink a healing potion, you attack all around you.
You have sharp fingernails.
You are clumsy. (Dex -2)
You have an increased reservoir of magic. (+10% MP)
Your spells are a little easier to cast, but a little less powerful.
Your health recovers twice as slowly from being drained.


Message History

You headbutt the Hell Sentinel, but do no damage.
The Hell Sentinel is lightly wounded.
Your +6 spectral giant spiked club hits the Hell Sentinel!!!
You catch the helpless Hell Sentinel completely off-guard!
You beat the Hell Sentinel like a drum!!!!
You kill the Hell Sentinel!
Your +6 spectral giant spiked club disappears.
An Orb Guardian comes into view.
There is an escape hatch in the ceiling here.
A mysterious force pulls you upwards. The hatch slams shut behind you.
There is an open door here.
Aiming: Dig
Press: ? - help, Shift-Dir - straight line A rock wall.
This square is covered in magical glow.
The rock shatters into small pieces.
There is a stone staircase leading up, spattered with blood here.
You climb upwards.
There is a stone staircase leading down here.
There is a stone staircase leading up here.
You climb upwards.
There is a stone staircase leading down here.
You sense a monster nearby.
Unknown command.
There is a stone staircase leading up here.
You climb upwards.
There is a stone staircase leading down here.
Aiming: Dig
Press: ? - help, Shift-Dir - straight line A rock wall.
This square is covered in magical glow.
The rock shatters into small pieces.
Aiming: Dig
Press: ? - help, Shift-Dir - straight line You can't see that place.
The rock shatters into small pieces.
You see here a +0 leather armour.
There is an open door, spattered with blood here.
There is a staircase leading out of the dungeon here.
You have escaped!

#..∩.........#....[# ##.##.#
#.#.######.#....#..# #.###.#
#.#^# #.###......# #.# #.#
#.#.## ##.#....##.###.###.#
#....######.##.###.........#
#..#...................#..##
##....##..(............##..#
#........############.###..#
#..#####.# #@..# #.# #..#
#..# #.♣♣##.##♣♣###.###..##
##..###
#...♣#'#P.[...........
#.....#
#..........♣.........#
#.###.#
#....#'#♣...........## #.#
#.###.♣P##.##♣♣...........
##.###..##.###...#
#........###
#..........#########.....##.#
# #.#.#...####..#
#...........# #


There were no monsters in sight!

Vanquished Creatures
  A dread lich (Zot:5)
  3 ancient liches
  2 orbs of fire (Zot:5)
  A juggernaut (Depths:4)
  Vv (Depths:4)
  Parghit (Depths:3)
  3 Killer Klowns (Zot:5)
  Saint Roka (Elf:3)
  A curse toe (Zot:2)
  4 golden dragons
  Jory (Depths:4)
  2 electric golems (Zot:5)
  An Ice Fiend (Zot:4)
  Mlioglotl (Swamp:3)
  23 Orb Guardians
  10 tentacled monstrosities
  A Hell Sentinel (D:5)
  2 hellephants (Depths:4)
  6 liches
  A walking crystal tome (Depths:3)
  A walking frostbound tome (Depths:3)
  2 walking earthen tomes (Depths:3)
  2 deep elf blademasters (Elf:3)
  A walking divine tome (Depths:2)
  2 deep elf master archers (Elf:3)
  An ancient champion (Vaults:3)
  4 titans
  5 quicksilver dragons
  2 death cobs (Zot:5)
  9 sphinxes
  A tentacled starspawn (WizLab)
  An Executioner (Zot:2)
  3 thorn hunters
  Aizul (Snake:1)
  7 storm dragons
  9 shadow dragons
  6 tengu reavers
  Donald (Swamp:3)
  A draconian monk (Zot:2)
  A protean progenitor (Zot:2)
  A fenstrider witch (Swamp:1)
  9 nagarajas
  4 draconian knights
  5 deep elf sorcerers
  15 fire giants
  14 frost giants
  2 draconian scorchers
  4 draconian shifters
  A balrug (D:11)
  3 ghost moths
  A deep elf elementalist (Elf:3)
  15 vault wardens
  25 ironbound preservers
  6 draconian annihilators
  2 orc warlords
  A cacodemon (Zot:4)
  3 spriggan defenders
  3 draconian stormcallers
  3 demonspawn corrupters (WizLab)
  19 stone giants
  A formless jellyfish (Vaults:3)
  24 very ugly things
  6 deep elf demonologists
  8 vampire knights
  3 eleionomae
  3 ironbound thunderhulks
  4 white draconians
  2 green draconians (Zot:2)
  5 deep elf death magi
  Azrael (D:13)
  3 war gargoyles
  15 red draconians
  7 black draconians
  4 dire elephants
  5 bunyips
  4 deep elf annihilators
  5 purple draconians
  2 spark wasps
  5 yellow draconians
  9 ettins
  2 crystal guardians
  2 jiangshi (Depths:1)
  16 yaktaur captains
  A shambling mangrove (Swamp:3)
  4 deep elf high priests
  18 fire dragons
  A merfolk javelineer (WizLab)
  5 great orbs of eyes
  2 entropy weavers
  13 ice dragons
  3 ghost crabs
  Fannar (Lair:1)
  9 rakshasas
  4 salamander tyrants (Snake:4)
  8 ironbound frosthearts
  13 hydras
  3 peacekeepers
  3 catoblepae (Lair:5)
  6 boulder beetles
  14 centaur warriors
  4 ogre magi
  4 spriggan air magi
  32 vault guards
  8 anacondas
  5 alligators
  27 dancing weapons
  12 deep troll shamans
  5 tengu warriors
  A merfolk aquamancer (WizLab)
  7 deep troll earth magi
  12 two-headed ogres
  6 vampire magi
  9 hell hogs (Depths:4)
  14 naga sharpshooters
  12 naga warriors
  14 death yaks
  5 occultists
  13 spriggan berserkers
  A shock serpent (Snake:1)
  A shock serpent (shapeshifter) (Elf:1)
  18 deep elf knights
  7 hell knights
  Sonja (Lair:1)
  3 sun demons (D:11)
  2 death drakes (shapeshifter)
  3 salamander mystics
  A skyshark (shapeshifter) (Elf:1)
  8 iron trolls
  A sixfirhy (Zot:4)
  5 skeletal warriors (D:15)
  5 spriggan druids
  6 arcanists
  4 glowing orange brains
  A mana viper (shapeshifter) (Elf:1)
  6 flayed ghosts
  7 goliath frogs
  3 sea snakes (Snake:2)
  60 deep trolls
  5 mana vipers
  A deep troll (shapeshifter) (Vaults:5)
  3 naga ritualists (Snake:4)
  5 swamp dragons
  8 phantasmal warriors
  3 bog bodies
  7 ironbound convokers
  A lindwurm (shapeshifter) (Depths:3)
  10 deep elf archers
  5 orc knights
  10 lindwurms
  A fire giant zombie (Depths:1)
  6 necromancers
  23 deep elf zephyrmancers
  2 harpies (shapeshifter)
  3 orc sorcerers
  2 wolf spiders (D:15)
  A stone giant zombie (Depths:1)
  A faun (shapeshifter) (Depths:3)
  29 deep elf pyromancers
  2 will-o-the-wisps
  20 ugly things
  A shining eye (shapeshifter) (Depths:3)
  13 salamanders
  3 manticores
  5 cyclopes
  3 worldbinders (WizLab)
  3 elephants (Lair:4)
  6 kobold blastminers
  3 meliai (D:12)
  11 moths of wrath
  25 black mambas
  4 guardian serpents
  2 black mambas (shapeshifter)
  A frost giant skeleton (Depths:1)
  5 toenail golems (Volcano)
  2 water nymphs (shapeshifter)
  12 vault sentinels
  An eye of devastation (shapeshifter) (Elf:1)
  An orange demon (Zot:4)
  11 naga magi
  14 cane toads
  8 komodo dragons
  3 rime drakes
  An efreet (Zot:2)
  2 unseen horrors (D:12)
  23 yaktaurs
  Psyche (D:9)
  An ice devil (D:5)
  5 tengu conjurers
  A spriggan skeleton (Depths:2)
  7 tyrant leeches
  5 trolls
  15 hornets
  A queen bee (D:12)
  A wolf spider simulacrum (D:15)
  6 polar bears
  A snapping turtle (shapeshifter) (Depths:2)
  21 blink frogs
  2 glass eyes
  25 slime creatures
  A yak (shapeshifter) (Depths:2)
  14 spriggans
  A water elemental (Elf:2)
  Sigmund (D:6)
  59 yaks
  3 air elementals
  4 wyverns
  20 fire elementals
  4 wraiths
  5 humans (Volcano)
  14 vampire mosquitoes
  2 basilisks
  4 steam dragons
  2 redbacks
  2 redbacks (shapeshifter)
  A chaos spawn (D:11)
  2 wargs (Orc:1)
  19 swamp worms
  A swamp worm (shapeshifter) (Vaults:5)
  32 nagas
  An acid dragon (D:8)
  4 hell hounds
  20 water moccasins
  32 orc warriors
  6 swamp drakes (Swamp:4)
  4 black bears
  3 ice beasts
  A black bear (shapeshifter) (Elf:1)
  2 sky beasts
  2 laughing skulls (D:14)
  A spriggan simulacrum (Depths:1)
  46 wolves
  14 ogres
  A wolf (shapeshifter) (Elf:1)
  6 boggarts
  17 centaurs
  A phantom (D:6)
  2 kobold brigands
  An earth elemental (Elf:2)
  A weeping skull (D:6)
  11 bullfrogs
  A scorpion (D:6)
  A small abomination (D:7)
  13 wights
  36 killer bees
  9 howler monkeys
  An electric eel (Snake:2)
  A crimson imp (D:3)
  2 nameless horrors
  2 bombardier beetles
  2 gnoll boudas (D:9)
  4 hounds
  6 orc priests
  2 sleepcaps
  8 iguanas
  16 orc wizards
  Robin (D:3)
  8 adders
  16 gnolls
  2 shadow imps
  3 white imps
  4 ufetubi
  6 dart slugs
  3 ribbon worms
  54 orcs
  5 ball pythons
  6 bats
  7 endoplasms
  A giant cockroach (D:4)
  14 goblins
  5 hobgoblins
  3 jackals (D:1)
  13 kobolds
  6 quokkas
  2 frilled lizards
  8 rats
  A spectral orc (D:6)
  An aspiring flesh (Zot:2)
1882 creatures vanquished.

Vanquished Creatures (collateral kills)
  Snorg (D:10)
1 creature vanquished.

Vanquished Creatures (others)
  An eldritch tentacle (Zot:5)
  A bunyip (Swamp:3)
  An ice dragon (Depths:2)
  An alligator (Swamp:4)
  A deep elf knight (Elf:2)
  A naga ritualist (Snake:4)
  A swamp dragon (Swamp:4)
  A deep elf zephyrmancer (Elf:1)
  An ugly thing (Depths:2)
  A black mamba (Snake:4)
  A komodo dragon (Lair:5)
  4 bloated husks
  A glass eye (Depths:2)
  An air elemental (Elf:2)
  A yak (D:9)
  A swamp drake (Swamp:4)
  4 foxfires
  18 spectral weapons
  2 starspawn tentacles (WizLab)
43 creatures vanquished.

Grand Total: 1926 creatures vanquished

Notes
Turn   | Place    | Note
-------+----------+-------------------------------------------
     0 | D:1      | Leszczynek the Oni Hexslinger began the quest for the Orb.
     0 | D:1      | Reached XP level 1. HP: 19/19 MP: 2/2
    16 | D:1      | Reached skill level 2 in Fighting
    64 | D:1      | Reached XP level 2. HP: 22/29 MP: 3/3
    68 | D:1      | Learned a level 2 spell: Jinxbite
    75 | D:1      | Reached skill level 3 in Fighting
   121 | D:1      | Found Taic's Jewellery Emporium.
   280 | D:1      | Found Eryeduiw's Antique Armour Shoppe.
   506 | D:1      | Reached XP level 3. HP: 39/39 MP: 4/4
   592 | D:2      | Reached skill level 4 in Fighting
  1478 | D:3      | Found a shadowy altar of Dithmenos.
  1485 | D:3      | Reached skill level 5 in Fighting
  1485 | D:3      | Reached XP level 4. HP: 50/50 MP: 5/5
  1507 | D:3      | Noticed Robin
  1577 | D:3      | Killed Robin
  1578 | D:3      | Reached skill level 1 in Maces & Flails
  1869 | D:3      | Reached XP level 5. HP: 55/57 MP: 6/6
  2027 | D:3      | Reached skill level 2 in Maces & Flails
  2084 | D:3      | Learned a level 3 spell: Ozocubu's Armour
  2472 | D:4      | Found a radiant altar of Vehumet.
  2698 | D:4      | Found a burning altar of Makhleb.
  2759 | D:4      | Reached skill level 1 in Ice Magic
  2867 | D:4      | Reached skill level 3 in Maces & Flails
  3012 | D:4      | Reached XP level 6. HP: 66/66 MP: 7/7
  3199 | D:4      | Found a sacrificial altar of Ru.
  3359 | D:3      | Reached skill level 4 in Maces & Flails
  3428 | D:1      | Bought a glowing hat for 168 gold pieces
  3605 | D:5      | Entered Level 5 of the Dungeon
  3636 | D:5      | Reached skill level 2 in Ice Magic
  3648 | D:5      | Found a bloodstained altar of Trog.
  3788 | D:5      | Noticed an ice beast
  3802 | D:5      | Killed an ice beast
  3803 | D:5      | Reached XP level 7. HP: 67/72 MP: 4/8
  3893 | D:5      | Gained mutation: You do not regenerate when monsters are
                  | visible. [potion of mutation]
  3893 | D:5      | Lost mutation: You do not regenerate when monsters are
                  | visible. [potion of mutation]
  3893 | D:5      | Gained mutation: You have sharp fingernails. [potion of
                  | mutation]
  3893 | D:5      | Gained mutation: You have an increased reservoir of magic.
                  | (+10% MP) [potion of mutation]
  4047 | D:5      | Reached skill level 5 in Maces & Flails
  4237 | D:5      | Identified the +0 scale mail "Cuthux Kuacw" {Fly rN+}
  4271 | D:5      | Found a staircase to the Ecumenical Temple.
  4306 | D:5      | Reached skill level 3 in Ice Magic
  4358 | Temple   | Entered the Ecumenical Temple
  4372 | Temple   | Became a worshipper of Elyvilon the Healer
  4948 | D:6      | Reached skill level 6 in Maces & Flails
  4981 | D:6      | Reached XP level 8. HP: 74/81 MP: 6/10
  5142 | D:6      | Reached skill level 4 in Ice Magic
  5151 | D:6      | Reached skill level 7 in Maces & Flails
  5176 | D:6      | Noticed Sigmund
  5292 | D:7      | Reached * piety under Elyvilon
  5481 | D:7      | Reached skill level 8 in Maces & Flails
  5674 | D:7      | Found a shimmering altar of Xom.
  5674 | D:7      | Noticed an angel
  5680 | D:7      | Found a glowing silver altar of Zin.
  5877 | D:7      | Reached skill level 9 in Maces & Flails
  5889 | D:7      | Reached XP level 9. HP: 53/88 MP: 3/11
  6040 | D:7      | Found a snail-covered altar of Cheibriados.
  6167 | D:7      | Found a stormy altar of Qazlal.
  6709 | D:6      | Found a glowing golden altar of the Shining One.
  6717 | D:7      | Reached skill level 2 in Dodging
  6771 | D:6      | Killed Sigmund
  6772 | D:6      | Reached skill level 10 in Maces & Flails
  6808 | D:6      | Reached ** piety under Elyvilon
  6829 | D:6      | Reached skill level 6 in Fighting
  7017 | D:6      | Noticed a hornet
  7126 | D:6      | Found an iron altar of Okawaru.
  7239 | D:6      | Found a basalt altar of Yredelemnul.
  7252 | D:6      | Reached skill level 3 in Dodging
  7472 | D:6      | Killed a hornet
  7473 | D:6      | Reached skill level 7 in Fighting
  7567 | D:8      | Learned a level 3 spell: Call Canine Familiar
  7693 | D:8      | Reached skill level 11 in Maces & Flails
  7706 | D:8      | Reached XP level 10. HP: 45/96 MP: 8/12
  7711 | D:8      | Reached skill level 1 in Summonings
  8370 | D:8      | Reached *** piety under Elyvilon
  8866 | D:9      | Reached skill level 4 in Dodging
  9162 | D:8      | Reached skill level 2 in Summonings
  9262 | D:9      | Reached skill level 8 in Fighting
  9433 | D:9      | Found a hide-covered altar of Uskayaw.
  9739 | D:9      | Noticed Psyche
  9752 | D:9      | Killed Psyche
  9753 | D:9      | Reached skill level 12 in Maces & Flails
  9753 | D:9      | Reached skill level 1 in Throwing
  9753 | D:9      | Reached skill level 3 in Summonings
  9885 | D:9      | Found a staircase to the Orcish Mines.
 10456 | D:9      | Reached **** piety under Elyvilon
 10598 | D:10     | Entered Level 10 of the Dungeon
 10825 | D:10     | Reached skill level 2 in Throwing
 10828 | D:10     | Reached skill level 9 in Fighting
 10845 | D:10     | Reached XP level 11. HP: 91/115 MP: 8/14
 10943 | D:10     | Noticed Snorg
 10955 | D:10     | Killed Snorg
 10956 | D:10     | Reached skill level 4 in Throwing
 11788 | D:11     | Noticed a cyclops
 11807 | D:11     | Killed a cyclops
 11841 | D:11     | Reached ***** piety under Elyvilon
 11867 | D:11     | Found a staircase to the Lair.
 11867 | D:11     | Noticed a centaur warrior
 11877 | D:11     | Killed a centaur warrior
 11878 | D:11     | Reached skill level 4 in Summonings
 11910 | D:11     | Noticed a two-headed ogre
 11935 | D:11     | Killed a two-headed ogre
 12203 | D:11     | Noticed a cyclops
 12219 | D:11     | Killed a cyclops
 12220 | D:11     | Noticed a brown ugly thing
 12469 | D:1      | Bought a ring of willpower for 350 gold pieces
 12753 | D:12     | Reached skill level 5 in Throwing
 12775 | D:12     | Noticed an occultist
 12828 | D:11     | Reached skill level 13 in Maces & Flails
 12844 | D:12     | Noticed a two-headed ogre
 12867 | Lair:1   | Entered Level 1 of the Lair of Beasts
 12867 | Lair:1   | Noticed Sonja
 12871 | Lair:1   | Killed Sonja
 12872 | Lair:1   | Reached skill level 10 in Fighting
 12872 | Lair:1   | Reached skill level 1 in Invocations
 12990 | Lair:1   | Noticed Fannar
 13008 | Lair:1   | Killed Fannar
 13009 | Lair:1   | Reached skill level 2 in Invocations
 13095 | Lair:1   | Reached skill level 3 in Invocations
 13095 | Lair:1   | Reached XP level 12. HP: 100/127 MP: 10/15
 13181 | Lair:1   | Reached skill level 6 in Throwing
 13303 | Lair:1   | Identified the +7 falchion of the Realm of Zot {vamp, rElec
                  | rC+ rN+}
 13587 | Lair:2   | Reached skill level 4 in Invocations
 13599 | Lair:2   | Noticed a four-headed hydra
 13632 | Lair:2   | Killed a four-headed hydra
 13633 | Lair:2   | Reached skill level 11 in Fighting
 13633 | Lair:2   | Reached skill level 14 in Maces & Flails
 13938 | Lair:2   | Reached skill level 5 in Invocations
 14049 | Lair:2   | Reached skill level 7 in Throwing
 14086 | Lair:2   | Reached ****** piety under Elyvilon
 14089 | Lair:2   | Found a staircase to the Swamp.
 14299 | Lair:3   | Reached skill level 6 in Invocations
 14485 | Lair:2   | Reached skill level 12 in Fighting
 14498 | Lair:2   | Reached XP level 13. HP: 105/140 MP: 9/19
 14585 | Lair:2   | Reached skill level 15 in Maces & Flails
 14641 | Lair:2   | Reached skill level 3 in Hexes
 14775 | Lair:3   | Reached skill level 7 in Invocations
 14819 | Lair:3   | Reached skill level 8 in Throwing
 14956 | Lair:3   | Reached skill level 4 in Hexes
 15170 | Lair:3   | Found a glowing golden altar of the Shining One.
 15304 | Lair:3   | Reached skill level 8 in Invocations
 15374 | Lair:3   | Reached skill level 5 in Hexes
 15452 | Lair:3   | Found a staircase to the Snake Pit.
 15606 | Lair:3   | Learned a level 1 spell: Apportation
 15846 | Lair:4   | Reached skill level 1 in Translocations
 16015 | Lair:4   | Found a viscous altar of Jiyva.
 16016 | Lair:4   | Found a staircase to the Slime Pits.
 16208 | Lair:4   | Reached skill level 9 in Invocations
 16710 | Lair:5   | Entered Level 5 of the Lair of Beasts
 16730 | Lair:4   | Reached skill level 2 in Translocations
 16835 | Lair:5   | Reached XP level 14. HP: 134/150 MP: 18/23
 17043 | Lair:5   | Reached skill level 16 in Maces & Flails
 17101 | Lair:5   | Reached skill level 3 in Translocations
 17148 | Lair:5   | Reached skill level 13 in Fighting
 17766 | Lair:5   | Reached skill level 10 in Invocations
 18089 | Lair:5   | Reached skill level 4 in Translocations
 18540 | Orc:1    | Entered Level 1 of the Orcish Mines
 19195 | Orc:2    | Entered Level 2 of the Orcish Mines
 19416 | Orc:2    | Found a staircase to the Elven Halls.
 19437 | Orc:2    | Noticed Skimidon's ghost (journeyman MiFi)
 19438 | Orc:2    | Found a transporter.
 19438 | Orc:2    | Found a transporter.
 19500 | Orc:2    | Found a dark tunnel.
 19512 | Volcano  | Entered a volcano
 19560 | Volcano  | Reached skill level 17 in Maces & Flails
 19737 | Volcano  | Reached skill level 5 in Dodging
 20084 | D:1      | Bought the ring "Bupn" {rCorr Str+3 Dex+6 Slay+5} for 1062
                  | gold pieces
 20385 | Orc:2    | Reached skill level 14 in Fighting
 20385 | Orc:2    | Reached skill level 9 in Throwing
 20425 | Orc:2    | Reached XP level 15. HP: 163/163 MP: 25/25
 20691 | Orc:2    | Found Adinles's Jewellery Shoppe.
 20691 | Orc:2    | Found Doykeir's Antique Weapon Boutique.
 20693 | Orc:2    | Found Weyf's Jewellery Shop.
 20695 | Orc:2    | Found Xoafeh's Antique Weapon Emporium.
 21857 | D:12     | Learned a level 3 spell: Summon Ice Beast
 22481 | D:13     | Noticed Azrael
 22501 | D:13     | Killed Azrael
 22511 | D:13     | Reached skill level 18 in Maces & Flails
 22807 | D:13     | Found Xesoamai's Assorted Antiques.
 22811 | D:13     | Bought a potion of heal wounds for 155 gold pieces
 22861 | D:13     | Found a shimmering blue altar of Sif Muna.
 23073 | D:14     | Reached skill level 15 in Fighting
 23073 | D:14     | Reached skill level 10 in Throwing
 23213 | D:14     | Found a burning altar of Makhleb.
 23618 | D:14     | Reached skill level 4 in Evocations
 23618 | D:14     | Reached XP level 16. HP: 176/176 MP: 26/26
 23728 | D:14     | Found a gate to the Vaults.
 23733 | D:14     | Identified the +0 robe of Disaster {rCorr Int+2}
 23900 | D:15     | Entered Level 15 of the Dungeon
 23975 | D:15     | Reached skill level 6 in Dodging
 24043 | D:15     | Found a staircase to the Depths.
 24313 | D:15     | Reached skill level 16 in Fighting
 24377 | D:15     | Reached XP level 17. HP: 131/187 MP: 27/27
 24381 | D:15     | Reached skill level 11 in Throwing
 24644 | D:15     | Found a sparkling altar of Nemelex Xobeh.
 25161 | Snake:1  | Entered Level 1 of the Snake Pit
 25172 | Snake:1  | Reached skill level 7 in Dodging
 25286 | Snake:1  | Found a transporter.
 25289 | Snake:1  | Found Zeepponu's Assorted Antiques.
 25519 | Snake:1  | Found a transporter.
 25529 | Snake:1  | Bought an ancient amber ring for 135 gold pieces
 25529 | Snake:1  | Identified the ring of Reimbursement {rCorr Dex+4 SInv}
                  | (You bought it in a shop on level 1 of the Snake Pit)
 25529 | Snake:1  | ...
 25532 | Snake:1  | Bought a runed hat for 189 gold pieces
 25535 | Snake:1  | i was hoping for ego
 25535 | Snake:1  | and that ring is just making fun of me
 26055 | Snake:1  | Reached skill level 11 in Invocations
 26279 | Snake:1  | Found Byigaeps's Book Boutique.
 26281 | Snake:1  | Found Uddeobb's Jewellery Shoppe.
 26282 | Snake:1  | Found Joaziash's Book Boutique.
 26329 | Snake:2  | Identified the serpent talisman of the Old and Reckless
                  | {rElec rN+ Str-3}
 26329 | Snake:2  | Noticed Aizul
 26378 | Snake:1  | HP: 53/282 [Aizul/poison arrow (12)]
 26383 | Snake:1  | Killed Aizul
 26383 | Snake:1  | HP: 47/282 [poisoned by Aizul (poison arrow)]
 26388 | Snake:1  | HP: 28/188 [poisoned by Aizul (poison arrow)]
 26924 | Snake:2  | Reached skill level 5 in Summonings
 27771 | Snake:2  | Reached skill level 17 in Fighting
 28290 | Snake:3  | Noticed Vashnia
 28377 | Snake:3  | Reached skill level 19 in Maces & Flails
 28685 | Snake:4  | Entered Level 4 of the Snake Pit
 28733 | Snake:4  | Reached skill level 6 in Summonings
 28751 | Snake:4  | Reached skill level 12 in Invocations
 29271 | Snake:4  | Reached XP level 18. HP: 181/201 MP: 23/29
 30676 | Snake:4  | Reached skill level 5 in Ice Magic
 30974 | Snake:4  | Got a serpentine rune of Zot
 31176 | Swamp:1  | Entered Level 1 of the Swamp
 31588 | Swamp:1  | Reached skill level 18 in Fighting
 32031 | Swamp:2  | Reached skill level 20 in Maces & Flails
 32147 | Swamp:2  | Noticed Jorgrun
 32195 | Swamp:2  | Reached skill level 12 in Throwing
 32240 | Swamp:2  | Reached skill level 5 in Evocations
 32922 | Swamp:3  | Noticed Donald
 32982 | Swamp:3  | Reached skill level 6 in Evocations
 33422 | Swamp:3  | Noticed Mlioglotl
 33464 | Swamp:4  | Entered Level 4 of the Swamp
 33486 | Swamp:3  | Killed Donald
 33551 | Swamp:3  | Killed Mlioglotl
 33555 | Swamp:3  | Paralysed by a hornet for 1 turns
 34266 | Swamp:4  | HP: 30/204 [bog body (18)]
 34267 | Swamp:4  | Reached skill level 7 in Evocations
 34267 | Swamp:4  | Elyvilon protects you from harm!
 34273 | Swamp:4  | Reached XP level 19. HP: 45/211 MP: 8/30
 34277 | Swamp:4  | HP: 37/211 [spriggan rider/+0 spear (10)]
 34285 | Swamp:4  | HP: 36/211 [swamp worm (8)]
 34556 | Swamp:4  | HP: 38/211 [four-headed hydra (5)]
 34784 | Swamp:4  | Reached skill level 21 in Maces & Flails
 34813 | Swamp:4  | Noticed Roxanne
 35068 | Swamp:4  | Got a decaying rune of Zot
 35464 | Vaults:1 | Entered Level 1 of the Vaults
 35512 | Vaults:1 | HP: 42/211 [yaktaur[a yaktaur captain] (10)]
 35514 | Vaults:1 | Reached skill level 1 in Armour
 35859 | Vaults:1 | Found a magical portal.
 35866 | WizLab   | Entered Alistair's Party Mansion
 35998 | WizLab   | Reached skill level 2 in Armour
 36323 | WizLab   | Reached skill level 3 in Armour
 36606 | WizLab   | Reached skill level 4 in Armour
 36629 | WizLab   | jeeeeeeeeeeeeesus
 36700 | WizLab   | Reached skill level 5 in Armour
 37064 | WizLab   | Noticed a golden dragon
 37076 | WizLab   | Reached skill level 6 in Armour
 37434 | WizLab   | Got Gubbue's Compendium of Prime Invitation
 37489 | WizLab   | Acquired 668 gold pieces
 37929 | Vaults:1 | Reached skill level 7 in Armour
 38325 | Vaults:1 | Found a portal to a secret trove of treasure.
 38452 | Vaults:1 | Reached skill level 8 in Evocations
 39558 | Vaults:1 | Reached XP level 20. HP: 188/223 MP: 32/32
 40712 | Vaults:2 | Learned a level 5 spell: Summon Mana Viper
 41016 | Vaults:2 | Reached skill level 19 in Fighting
 41340 | Vaults:2 | Found a transporter.
 41350 | Vaults:2 | Found a transporter.
 42301 | Vaults:2 | Reached skill level 13 in Invocations
 42330 | Vaults:2 | HP: 43/226 [slime creature (15)]
 42332 | Vaults:2 | HP: 17/226 [slime creature (12)]
 43486 | Vaults:3 | Identified the amulet "Dues" {Faith rPois Str+3}
 43741 | Vaults:3 | Reached skill level 22 in Maces & Flails
 43894 | Vaults:3 | Reached skill level 20 in Fighting
 43962 | Vaults:3 | Reached skill level 13 in Throwing
 44001 | Vaults:3 | Found Tobel's Book Shoppe.
 45399 | Vaults:3 | You fall into a shaft and drop 1 floor!
 45413 | Vaults:4 | Noticed Mennas
 45759 | Vaults:4 | Reached skill level 14 in Invocations
 45759 | Vaults:4 | Reached XP level 21. HP: 209/239 MP: 34/34
 46239 | Vaults:4 | Reached skill level 21 in Fighting
 46840 | Vaults:3 | Found a staircase to the Crypt.
 47744 | Elf:1    | Entered Level 1 of the Elven Halls
 47748 | Elf:1    | Paralysed by an air elemental for 1 turns
 48151 | Elf:1    | Reached skill level 14 in Throwing
 48254 | Elf:1    | Paralysed by an air elemental for 1 turns
 48261 | Elf:1    | Found a runed translucent gate.
 48261 | Elf:1    | Found a runed translucent gate.
 48261 | Elf:1    | Found a runed translucent gate.
 48912 | Elf:2    | Paralysed by an air elemental for 1 turns
 48929 | Elf:2    | Reached skill level 22 in Fighting
 49566 | Elf:2    | Reached skill level 15 in Invocations
 49596 | Elf:2    | HP: 48/245 [+1 trident of flaming (2)]
 49603 | Elf:2    | HP: 48/245 [fire elemental[a deep elf pyromancer] (4)]
 50894 | Elf:2    | Found a runed translucent gate.
 50895 | Elf:2    | Found a runed translucent gate.
 50895 | Elf:2    | Found a runed translucent gate.
 51092 | Elf:3    | Entered Level 3 of the Elven Halls
 51105 | Elf:3    | Reached skill level 8 in Armour
 51363 | Elf:3    | Noticed Saint Roka
 51503 | Elf:3    | Killed Saint Roka
 51504 | Elf:3    | Reached skill level 15 in Throwing
 52132 | Elf:3    | Identified the +7 flail "Ewikluif" {heavy, rCorr Dex+3}
 52657 | Elf:3    | Reached XP level 22. HP: 225/248 MP: 37/37
 52718 | Elf:3    | Identified the +9 war axe of the Radish {spect, rF+ Dex-2
                  | SInv}
 52745 | Elf:3    | HP: 37/244 [something (23)]
 52750 | Elf:3    | HP: 37/244 [deep elf knight/+3 vampiric scimitar (1)]
 53218 | Elf:3    | Identified the +9 broad axe "Beast's Bane" {freeze, rElec
                  | Int+3}
 53384 | Elf:3    | Identified the ring of Faump {rF+ rN+ Int+2 Dex+6}
 53798 | Elf:3    | Got the Compendium of the Windy Catalyst
 53799 | Elf:3    | Identified the +1 mace of Zicof {drain, rElec rC+ Int+3
                  | Dex-4}
 53926 | Elf:3    | Identified the +1 leather armour of Patterns {rF- Str+2
                  | Dex+5 Slay+3}
 54969 | Elf:2    | Reached skill level 8 in Dodging
 55063 | Elf:2    | Reached skill level 16 in Invocations
 55426 | Elf:2    | Reached skill level 16 in Throwing
 55426 | Elf:2    | Reached skill level 9 in Armour
 55707 | Depths:1 | Entered Level 1 of the Depths
 57306 | Depths:1 | Found an opulent altar of Gozag.
 57521 | Snake:1  | Bought scorched acid dragon scales for 1215 gold pieces
 57521 | Snake:1  | Identified the +3 acid dragon scales of the Assorted
                  | Mystics {rElec Regen+ rCorr Int+2} (You bought it in a shop
                  | on level 1 of the Snake Pit)
 57521 | Snake:1  | ugh
 57521 | Snake:1  | it's actually not completely awful
 57521 | Snake:1  | jesus
 58325 | Depths:1 | Found a one-way gate to the infinite horrors of the Abyss.
 58400 | Depths:1 | Found a one-way gateway to a ziggurat.
 58605 | Depths:1 | Found a gateway to Hell.
 59332 | Depths:2 | Found a stormy altar of Qazlal.
 59483 | Depths:2 | Reached skill level 17 in Throwing
 59483 | Depths:2 | Reached skill level 6 in Hexes
 59533 | Depths:2 | Reached skill level 7 in Summonings
 59784 | Depths:2 | Found a one-way gate leading to the halls of Pandemonium.
 59892 | Depths:2 | Reached XP level 23. HP: 238/263 MP: 38/38
 60651 | Depths:2 | Reached skill level 7 in Hexes
 60803 | Depths:4 | Entered Level 4 of the Depths
 60866 | Depths:3 | Noticed Parghit
 61008 | Depths:3 | Killed Parghit
 61101 | Depths:3 | Reached skill level 8 in Summonings
 61204 | Depths:3 | Reached skill level 18 in Throwing
 61318 | Depths:3 | Found a runed translucent door.
 61321 | Depths:3 | Noticed a juggernaut
 61322 | Depths:3 | Found a runed translucent door.
 61323 | Depths:3 | Found a runed translucent door.
 61429 | Depths:3 | Identified the +3 quarterstaff of Pahopler {spect, +Blink
                  | rCorr Str-4 Int-2}
 61430 | Depths:3 | Identified the +7 morningstar of Blue Purpose {flame, rN+}
 61432 | Depths:3 | Identified the +1 rapier "Luhebbo" {protect, MP+9}
 61542 | Depths:3 | Learned a level 4 spell: Dimensional Bullseye
 61820 | Depths:3 | Reached skill level 2 in Spellcasting
 61843 | Depths:3 | Noticed a golden dragon
 61862 | Depths:3 | Killed a golden dragon
 61897 | Depths:3 | Gained mutation: You are clumsy. (Dex -2) [a shining eye]
 61963 | Depths:3 | Learned a level 2 spell: Blink
 61966 | Depths:3 | Learned a level 2 spell: Lesser Beckoning
 62158 | Depths:3 | Reached skill level 3 in Spellcasting
 62196 | Depths:3 | Found a runed translucent door.
 62355 | Depths:3 | Reached skill level 5 in Translocations
 62486 | Depths:3 | Reached skill level 4 in Spellcasting
 62698 | Depths:3 | Found a burning altar of Makhleb.
 62942 | Depths:3 | Noticed a golden dragon
 62954 | Depths:3 | Killed a golden dragon
 63000 | Depths:3 | Identified the +11 scimitar of Butchery {venom, +Blink
                  | rElec Str-3}
 63236 | Depths:3 | Acquired a +2 spectral giant spiked club
 63323 | Depths:3 | Reached skill level 5 in Spellcasting
 63351 | Depths:3 | Reached skill level 9 in Evocations
 63364 | Depths:3 | Noticed a caustic shrike
 63364 | Depths:3 | Noticed a caustic shrike
 63365 | Depths:3 | sfsfsdfsdf
 63365 | Depths:3 | oh
 63365 | Depths:3 | Pacified a caustic shrike
 63368 | Depths:3 | Pacified a caustic shrike
 63429 | Depths:3 | Noticed a caustic shrike
 63430 | Depths:3 | Pacified a caustic shrike
 63459 | Depths:3 | Reached XP level 24. HP: 264/269 MP: 38/38
 64230 | Depths:3 | Reached skill level 6 in Translocations
 64504 | Depths:3 | Identified the +7 spear of Uvuosch {pain, Stlth+}
 64599 | Depths:3 | Identified the staff of the Sharing Moth {rF+ Str+2 Int+2
                  | Dex+3 Fire}
 64749 | Depths:4 | Noticed Jory
 64756 | Depths:4 | Killed Jory
 64758 | Depths:4 | Noticed a juggernaut
 64814 | Depths:4 | Killed a juggernaut
 65109 | Depths:4 | Found Paikh's Book Emporium.
 65204 | Depths:4 | Reached skill level 10 in Evocations
 65307 | Depths:4 | Found a blossoming altar of Fedhas.
 65440 | Depths:4 | Noticed Vv
 65449 | Depths:4 | Killed Vv
 65450 | Depths:4 | ooof
 65675 | Depths:4 | ummmmmmmmmmmmmmmmmmmmmmmmmmmmmmm
 65707 | Depths:4 | uh
 65972 | Depths:4 | Found Measol's Mass Market.
 66110 | Depths:4 | Reached skill level 23 in Fighting
 66279 | Depths:4 | Found a gate to the Realm of Zot.
 66785 | Vaults:4 | Reached skill level 19 in Throwing
 66855 | Vaults:4 | Learned a level 5 spell: Summon Forest
 66856 | Vaults:5 | Entered Level 5 of the Vaults
 66876 | Vaults:5 | HP: 48/271 [vault warden/+0 battleaxe (22)]
 66882 | Vaults:5 | Reached skill level 7 in Translocations
 66883 | Vaults:5 | HP: 51/275 [quicksilver dragon (2)]
 66888 | Vaults:5 | HP: 40/277 [phantasmal warrior (16)]
 67346 | Vaults:5 | Reached skill level 11 in Evocations
 67479 | Vaults:5 | Reached XP level 25. HP: 277/287 MP: 38/38
 67496 | Vaults:5 | Noticed an ancient lich
 67510 | Vaults:5 | Killed an ancient lich
 67599 | Vaults:5 | Found Ofougen's Antique Armour Shop.
 67631 | Vaults:5 | Identified the +6 sling "Nume" {flame, *Corrode ^Fragile
                  | rPois Int+7}
 68027 | Vaults:5 | Reached skill level 8 in Translocations
 68317 | Vaults:5 | Reached skill level 23 in Maces & Flails
 68431 | Vaults:5 | Got a silver rune of Zot
 68517 | Vaults:5 | Reached skill level 20 in Throwing
 68602 | Vaults:5 | Noticed an ancient lich
 68619 | Vaults:5 | Killed an ancient lich
 68650 | Vaults:5 | Got the Dissertation on Oxidation
 68696 | Vaults:5 | Identified the ring "Benok" {rN+ Str+6 Int+6}
 68714 | Vaults:5 | Identified the +1 arbalest "Egeruost" {flame, Dex+3}
 68714 | Vaults:5 | Identified the +1 robe of Submission {Int+3}
 69006 | Vaults:5 | Bought the +2 hood of the Assassin {Detect Stab+ Stlth++}
                  | for 1920 gold pieces
 69006 | Vaults:5 | Found the +2 hood of the Assassin {Detect Stab+ Stlth++}
 69291 | D:13     | Bought a scroll of fear for 124 gold pieces
 69291 | D:13     | Bought a scroll of revelation for 232 gold pieces
 69437 | Zot:1    | Entered Level 1 of the Realm of Zot
 69941 | Zot:2    | Reached skill level 24 in Fighting
 69975 | Zot:2    | Reached skill level 17 in Invocations
 70505 | Zot:5    | Entered Level 5 of the Realm of Zot
 70506 | Zot:5    | huh...?
 70968 | Zot:5    | Reached skill level 21 in Throwing
 70968 | Zot:5    | Reached XP level 26. HP: 288/301 MP: 37/39
 71339 | Zot:5    | Noticed an ancient lich
 71391 | Zot:5    | Killed an ancient lich
 71478 | Zot:5    | Noticed a dread lich
 71492 | Zot:5    | Killed a dread lich
 71638 | Zot:5    | Noticed a Killer Klown
 71647 | Zot:5    | Killed a Killer Klown
 71701 | Zot:5    | Reached skill level 9 in Dodging
 71705 | Zot:5    | Noticed an orb of fire
 71714 | Zot:5    | HP: 58/302 [Orb Guardian (48)]
 71719 | Zot:5    | HP: 77/407 [Orb Guardian (26)]
 72005 | Zot:5    | Gained mutation: Your spells are a little easier to cast,
                  | but a little less powerful. [an orb of fire]
 72007 | Zot:5    | Killed an orb of fire
 72008 | Zot:5    | Reached skill level 18 in Invocations
 72131 | Zot:5    | Noticed a Killer Klown
 72134 | Zot:5    | Noticed an orb of fire
 72136 | Zot:5    | Killed a Killer Klown
 72137 | Zot:5    | Gained mutation: Your health recovers twice as slowly from
                  | being drained. [an orb of fire]
 72143 | Zot:5    | Killed an orb of fire
 72277 | Zot:5    | Noticed a Killer Klown
 72281 | Zot:5    | Killed a Killer Klown
 72534 | Zot:5    | Reached skill level 10 in Dodging
 72658 | Zot:5    | Got the Orb of Zot
 72729 | Zot:4    | Reached skill level 22 in Throwing
 73052 | D:8      | Noticed Rutri the pandemonium lord
 73212 | D:$      | Escaped with the Orb!

Illustrated notes #..##........### #..............# #..............# .. ............# ##...#...#### ##....#...# ### ##############...##...## ...# ###...#.....#...##(##...#. ....# #....©#©.@.©#©...#.##..... #...###.#...#.....#......##..... #........#############.)..[...[# #.....#### ### ###.####..... ....#.....######.####...# ####.. ###.#......##.....##.>###### .. ....#.................##...# ## #.....#...##.........##...### #.###.#....#....#...........# Turn 25529 on Snake:1: ... #..##........### #..............# #..............# .. ............# ##...#...#### ##....#...# ### ##############...##...## ...# ###...#..=..#...##(##...#. ....# #....©#©.@.©#©...#.##..... #...###.#...#..[..#......##..... #........#############.)..[...[# #.....#### ### ###.####..... ....#.....######.####...# ####.. ###.#......##.....##.>###### .. ....#.................##...# ## #.....#...##.........##...### #.###.#....#....#...........# Turn 25535 on Snake:1: i was hoping for ego ♣..♣♣ ♣.).♣ ♣♣♣♣♣♣♣♣ ♣♣†.♣ ♣♣..♣♣..♣♣♣♣ ♣♣(♣♣♣♣..........♣ #♣.).♣♣...§§§~~~... #.§⌠.....⌠..§~~~~.. #♣.§§♣.....§§~~~!.. . #.§§.♣♣♣..§.......♣ $$. #.@§§!♣♣♣..♣♣♣♣♣♣♣♣ |$...#######)##♣ ♣♣♣♣ $$...#......§.# $$...#..~~~~..# .....#.~~~~~~.# ....!#.~~~~~~.# .....'!.~~~~..# .....'.....!..# .....########## Turn 36629 on WizLab: jeeeeeeeeeeeeesus

##...# ####.....#[.##........###
#...# #...###..............#
##### #######..........[...#
#..#............#
#.####...#...#### ### ##....#...#
#### ##############...##...##
...## ###...#..=..#...##(##...#.
....## #....©#©.@.©#©...#.##.....
.#...###.#...#..[..#......##.....
.#........#############.[..[...[#
.#.....#### ### ###.####.....
....#.....######.####...# ####..
###.#......##.....##.>###### ..
....#.................##...# ##
.#.....#...##.........##...###
.#.###.#....#....#...........#


Turn 57521 on Snake:1: ugh #.#..###.###..## .#.###.....## ..### #.###.......##
#..# .###..####...####.## . #.###..###..##.#.## . # .....##.#.#.#.# .
#.......#!#.# . ......###.#.#.# D ##..## ##@#)## . ## ##.## #=# #.# #b# #.# '.'
... Turn 63365 on Depths:3: sfsfsdfsdf ##....#....#.##.......#.!
##.........##..........### #.....######....#+##...... #.....#....###.. ###...#
#####......# ##. # ###.. ###....# ...# ### #....# .... # i ##...# .... #.. ##@.#
....# #....##.#...... ........[.....# #.###.###..#.## ... ..# ### .# .# # #.
Turn 65450 on Depths:4: ooof .#.##..##.#..........=.#####....<
#.#.#..#.#.#..........# #..... ## #....#.##......###. ###..# #......##.#....##
.. #..#. .........#.#....###### .....#. .......##...## h..≈ #.##..#.
.........#..# ..h.h # #..^.# ...........#...Y$. #....# #########.@h.Y.∩..
....... ####hhhh.. .##...# .h.$. ###.# ...§ # ### # # Turn 65675 on Depths:4:
ummmmmmmmmmmmmmmmmmmmmmmmmmmmmmm .##..##.#..........=.#####....<..
#.#..#.#.#..........# #....... #....#.##......###. ###..### #......##.#....## ..
#..#... .........#.#....####### .....#.∩. .......##...##≈...≈##.##..#...
.........#..#≈.....≈# #..^.### .........††#....$..# #....###
#########.††@..∩...#......... ####.......#.##...#.. #≈...$.§# ###.#.. ##≈...§##
#.. ###### #.# ## Turn 65707 on Depths:4: uh .§.§.....≈.≈.≈. ≈.≈.≈.§.≈.≈.≈.≈
.≈.≈.....≈.≈.≈. ..≈.≈.d...≈.≈.≈ .≈.≈.q...≈.≈.≈. ..≈.≈.≈q≈.≈.... .≈.≈...yd≈X≈[≈.
......≈@q...... .≈.≈.≈.≈.≈.≈.≈. ≈<..≈.≈...≈.≈.≈ ...≈.....≈.≈.≈. ≈.≈.≈.≈.≈.≈.≈.≈
[..≈.y.......≈. ≈.....≈.≈.≈...≈ .≈.≈.≈...≈.≈.≈. Turn 70506 on Zot:5: huh...?

Levels and vault maps discovered:
D:1:      sevenhm_arrival_forest_fort_small_4, layout_loops_ring, serial_shops,
          shop, shop
D:2:      layout_basic, serial_curves, eino_curves_03, eino_curves_02,
          kennysheep_big_empty_room
D:3:      layout_basic, mainiacjoe_overflow_concentric_impassable,
          nrook_campfire, kennysheep_generic_room_6, uniq_robin
D:4:      layout_gridville, grunt_temple_overflow_lords_of_destruction,
          nicolae_ru_awakened_eye
D:5:      layout_basic, lemuel_coloured_pillars_altar, minmay_temple_entry_glass
D:6:      layout_rooms, yredelemnul_forgotten_temple_becter, kennysheep_mini,
          lemuel_crystal_altar, uniq_sigmund
D:7:      layout_basic, grunt_temple_overflow_order_and_chaos_1,
          mainiacjoe_overflow_catch_the_wave
D:8:      layout_basic, nicolae_zen_rock_garden
D:9:      layout_layer_cave, mainiacjoe_overflow_boulevard, orc_0_dummy,
          uniq_psyche
D:10:     layout_basic, serial_glass, glass_columns_a, glass_columns_b,
          minmay_curled_crystal, uniq_snorg
D:11:     layout_roguey, lair_entry_dummy,
          portal_ice_cave_entry_animals_and_master
D:12:     layout_cave_pools, special_room [special_room_bee]
D:13:     layout_basic, serial_shops, nicolae_shop_advertising_works
          [nicolae_subvault_shop_adworks], tgw_sif, uniq_azrael
D:14:     layout_gridville, david_vaults_4, lemuel_round_altar,
          nicolae_twisty_statue_hallways
D:15:     hangedman_depths_entry_civil_slaughter, layout_rooms,
          nemelex_diamond_rough_becter
Temple:   compressed_dpeg_triangle_lava_temple
Lair:1:   layout_big_grid, serial_forest, infiniplex_forest_straight_2,
          infiniplex_forest_lined_corner, infiniplex_forest_end_2,
          infiniplex_forest_clump_small, infiniplex_forest_clump_cross,
          infiniplex_forest_straight_4, infiniplex_forest_zigzag_2,
          infiniplex_forest_clump_double, beast_lair_carwin_1, uniq_sonja,
          uniq_fannar
Lair:2:   layout_gridlike, minmay_swamp_entry_swarm,
          chequers_serial_rivers_micro_e, grunt_megastairs_3,
          serial_bayou_shore_a
Lair:3:   layout_cave_shapes, minmay_snake_entry_six_corridors, basic_altar
Lair:4:   layout_cave_pods, dpeg_slime_entry_corner
Lair:5:   evilmike_catoblepas_cave, layout_hall_layers,
          infiniplex_staircase_pool
Swamp:1:  layout_basic_swamp, evilmike_swamp_ruin_wall, uniq_kirke
Swamp:2:  layout_basic_swamp, hangedman_swamp_diagram, swamp_pool_1_2,
          uniq_jorgrun
Swamp:3:  layout_basic_swamp, nicolae_swamp_treefoil,
          nicolae_swamp_tree_isthmus, uniq_mlioglotl, uniq_donald
Swamp:4:  swamp, layout_basic_swamp, uniq_roxanne
Snake:1:  hangedman_cross_stitches, layout_misc_corridors, serial_shops,
          nicolae_shop_drivethru, drop_trap, minmay_shop_grove,
          serial_bayou_shore_b
Snake:2:  layout_misc_corridors, nicolae_snake_snake_lake, lemuel_fruit_tree,
          uniq_aizul
Snake:3:  layout_cave_shapes, drop_trap, uniq_vashnia
Snake:4:  grunt_snake_rune_spirals, layout_onion, serial_bayou_shore_b
Orc:1:    layout_caves
Orc:2:    st_orc_rangers, layout_diamond_mine, gammafunk_ghost_smash,
          enter_volcano_3, nicolae_orc_quarried_blocks
Elf:1:    elf_arrival_001, layout_loops_ring,
          ploomutoo_gammafunk_ghost_potion_laboratory,
          nicolae_elf_shapeshifter_party
Elf:2:    nicolae_elf_blades_crystal_corner, layout_gridlike
Elf:3:    grunt_elf_hall_diamonds, layout_loops_ring, grunt_megastairs_2,
          uniq_saint_roka
Vaults:1: mu_enter_wizlab_2, vaults_mumra_hexcomb, v_misc_12,
          nicolae_vaults_little_squares_6, nicolae_vaults_closet_pinwheel_4,
          nicolae_vaults_storage_closets_3, v_misc_19, kb_rosetta, v_misc_12,
          nicolae_vaults_oval_intersection, nicolae_vaults_house_3,
          nicolae_vaults_shelves_hall, ontoclasm_vaults_chip,
          nicolae_vaults_trapezoid_1, layout_vaults_maze_snakey,
          nicolae_trove_entry_columns
Vaults:2: gammafunk_sealed_arena, hangedman_vaults_corner, v_rooms_3,
          ontoclasm_vaults_twist, hangedman_vaults_nodes, v_misc_1,
          vaults_room_grid, nicolae_vaults_closet_pinwheel_4, vaults_dpeg_cross,
          nicolae_vaults_specimen_jars, layout_vaults_ring
Vaults:3: hangedman_vaults_cutoff, nicolae_vaults_network_square,
          nicolae_vaults_double_plus_1, vaults_dpeg_doors, v_rooms_5,
          nicolae_vaults_closet_pinwheel_1, hangedman_vaults_stream,
          vaults_room_semicircle, vaults_room_corners,
          minmay_crypt_entry_simple_box, nicolae_vaults_little_squares_4,
          nicolae_vaults_trapezoid_layered, layout_vaults_big_cross,
          serial_shops, shop
Vaults:4: nicolae_vaults_tangram_2, vaults_mumra_chevron_long,
          nicolae_vaults_big_ls, hangedman_vaults_pinch,
          nicolae_vaults_six-pack, nicolae_vaults_security_offices_5,
          nicolae_vaults_two_Ls, layout_vaults_chaotic_city, uniq_mennas
Vaults:5
Depths:1: layout_long_grid, enter_ziggurat_c, abyss_entry, hell_entry,
          nicolae_gozag_seed_capital, patterned_corridor, grunt_megastairs_4
Depths:2: nzn_winding_woodlands_stair_cross [nzn_winding_woodlands_5x15_cabin,
          nzn_winding_woodlands_center_pierced_h,
          nzn_winding_woodlands_5x15_eye, nzn_winding_woodlands_5x5_open_star,
          nzn_winding_woodlands_5x5_cross, nzn_winding_woodlands_5x15_pockets,
          nzn_winding_woodlands_center_garden,
          nzn_winding_woodlands_5x15_concentric], layout_cave_pools,
          nicolae_qazlal_style_of_elements, pan_entry, hell_entry,
          firewood_loft, infiniplex_staircase_door_maze
Depths:3: minmay_the_grid_ultimate [minmay_the_grid_prize_four_corners,
          minmay_the_grid_prize_shrinking_boxes,
          minmay_the_grid_prize_trominoes, minmay_the_grid_prize_diamond_cup,
          minmay_the_grid_square_5x5_moneybag,
          minmay_the_grid_square_5x5_inner_z,
          minmay_the_grid_square_5x5_eight_small,
          minmay_the_grid_square_5x5_trominoes,
          minmay_the_grid_square_5x5_checkered,
          minmay_the_grid_square_5x5_longway,
          minmay_the_grid_square_5x5_inverted_slash,
          minmay_the_grid_square_5x5_n, minmay_the_grid_square_5x5_broken_cross,
          minmay_the_grid_square_5x5_two_walls_b,
          minmay_the_grid_square_5x5_gyroscope,
          minmay_the_grid_square_5x5_corner, minmay_the_grid_square_5x5_detours,
          minmay_the_grid_square_5x5_pentomino_r,
          minmay_the_grid_square_5x5_hollow_slash,
          minmay_the_grid_triangle_9x9_zippers_vertical,
          minmay_the_grid_triangle_9x9_sprig,
          minmay_the_grid_triangle_9x9_alien,
          minmay_the_grid_triangle_9x9_stretched_checkered,
          minmay_the_grid_triangle_9x9_minimal,
          minmay_the_grid_triangle_9x9_from_above,
          minmay_the_grid_triangle_9x9_wacky_v,
          minmay_the_grid_triangle_9x9_subtriangle,
          minmay_the_grid_triangle_9x9_corruption,
          minmay_the_grid_triangle_9x9_shrine,
          minmay_the_grid_triangle_9x9_steps,
          minmay_the_grid_triangle_9x9_intruding_spiral,
          minmay_the_grid_triangle_9x9_fully_insulated_deathbox,
          minmay_the_grid_triangle_9x9_descending_squares,
          minmay_the_grid_triangle_9x9_zippers_horizontal,
          minmay_the_grid_triangle_9x9_cache,
          minmay_the_grid_square_5x5_shrine2, minmay_the_grid_octo_odd_swirl,
          minmay_the_grid_octo_checkered, minmay_the_grid_octo_77,
          minmay_the_grid_octo_teeth, minmay_the_grid_octo_pinwheel,
          minmay_the_grid_octo_toaster, minmay_the_grid_octo_concentric,
          minmay_the_grid_octo_fan_narrow, minmay_the_grid_mess,
          minmay_the_grid_odd_star, minmay_the_grid_expand,
          minmay_the_grid_gridbox], abyss_entry, hell_entry, pan_entry,
          uniq_parghit
Depths:4: grunt_zot_entry_bicorn, layout_honeycomb, abyss_entry, serial_shops,
          nicolae_book_shop_shelving, fedhas_altar_2, grunt_hell_horde,
          minmay_misc_feat_nine_boxes, minmay_misc_feat_iff, minmay_shop_mass,
          minmay_misc_feat_secret_circle, uniq_vv, uniq_jory
Zot:1:    layout_concentric_octagons
Zot:2:    lemuel_firehouse, layout_onion, regret_index_zotdec_wing_it,
          hangedman_zot_gyre, skrybe_zot_glass_1
Zot:3:    layout_twisted_circle
Zot:4:    minmay_elemental_castle, layout_cathedral_of_symmetry,
          lemuel_golem_globe
Zot:5:    layout_basic

Skill      XL: |  1  2  3  4  5  6  7  8  9 10 11 12 13 14 15 16 17 18 19 20 21 22 23 24 25 26 |
---------------+-------------------------------------------------------------------------------+-----
Fighting       | 2 3 5 7 9 10 12 14 15 16 17 18 20 22 23 24 | 24.5
Maces & Flails | 1 3 4 6 9 11 12 13 14 15 17 18 19 20 21 22 23 | 23.1
Ice Magic      | 1 2 3 4 5 |  5.0
Dodging        | 3 4 5 6 7 8 10 | 10.5
Summonings     | 3 4 6 7 8 |  8.0
Throwing       | 2 5 7 8 9 10 11 12 13 15 17 18 19 21 22 | 22.1
Invocations    | 3 6 9 10 12 14 15 16 17 18 | 18.5
Hexes          | 5 6 7 |  7.0
Translocations | 2 4 5 7 8 |  8.7
Evocations     | 4 7 8 9 11 | 11.0
Armour         | 7 8 9 |  9.3
Spellcasting   | 5 |  5.0
Ranged Weapons | |  1.3
Fire Magic     | |  0.8

Action                     |  1- 3 |  4- 6 |  7- 9 | 10-12 | 13-15 | 16-18 | 19-21 | 22-24 | 25-27 || total
---------------------------+-------+-------+-------+-------+-------+-------+-------+-------+-------++-------
  Melee: Whip              |       |    20 |       |       |       |       |       |       |       ||    20
         Flail             |       |    34 |   206 |       |       |       |       |       |       ||   240
         Headbutt          |       |     6 |    48 |   133 |   284 |   331 |   342 |   373 |   141 ||  1658
         Punch             |       |       |     1 |       |       |       |       |       |       ||     1
         Giant club        |       |       |    92 |     5 |       |       |       |       |       ||    97
         Dire flail        |       |       |       |   734 |  1271 |  1104 |   368 |       |       ||  3477
         Giant spiked club |       |       |       |       |       |       |   845 |  1142 |   374 ||  2361
   Fire: Sling             |   121 |   203 |    31 |       |       |       |       |       |       ||   355
         Shortbow          |       |       |     6 |     1 |    13 |       |       |       |       ||    20
  Throw: Large rock        |       |       |       |     1 |       |     2 |    27 |    35 |   215 ||   280
         Boomerang         |       |       |       |       |     3 |    15 |    15 |    19 |       ||    52
         Dart              |       |       |       |       |       |     1 |     1 |       |       ||     2
         Javelin           |       |       |       |       |       |       |       |     2 |     2 ||     4
         Throwing net      |       |       |       |       |       |       |       |       |     2 ||     2
   Cast: Jinxbite          |     5 |    22 |    26 |    21 |    26 |     5 |     2 |       |       ||   107
         Ozocubu's Armour  |       |       |     5 |    27 |    34 |    23 |     5 |     2 |       ||    96
         Call Canine Famil |       |       |       |     8 |     7 |     8 |     3 |       |       ||    26
         Summon Ice Beast  |       |       |       |       |     1 |     4 |       |       |       ||     5
         Apportation       |       |       |       |       |       |       |    13 |     3 |    87 ||   103
         Summon Mana Viper |       |       |       |       |       |       |       |     2 |       ||     2
 Invoke: Purification      |       |       |       |     1 |       |     2 |     1 |     2 |     2 ||     8
         Heal Self         |       |       |       |       |     6 |    11 |     9 |     8 |     8 ||    42
         Heal Other        |       |       |       |       |     1 |    12 |     6 |     6 |     1 ||    26
         Divine Vigour     |       |       |       |       |       |       |       |     1 |     1 ||     2
  Evoke: Wand              |       |       |       |     4 |     1 |       |       |     3 |     4 ||    12
    Use: Scroll            |     3 |     7 |     4 |    12 |     9 |    11 |    18 |     9 |    13 ||    86
         Potion            |       |     1 |     2 |       |     2 |     3 |    10 |     3 |    16 ||    37
   Stab: Invisible         |       |       |     1 |     1 |       |       |       |       |       ||     2
         Distracted        |       |       |       |       |       |     1 |       |     9 |     9 ||    19
         Sleeping          |       |       |       |       |       |       |       |     1 |       ||     1
 Armour: Robe              |    39 |   146 |   130 |       |       |       |       |       |       ||   315
         Steam dragon scal |       |       |   133 |   157 |       |       |       |       |       ||   290
         Troll leather arm |       |       |       |   389 |   864 |   835 |   166 |       |       ||  2254
         Swamp dragon scal |       |       |       |       |       |       |   802 |   158 |       ||   960
         Acid dragon scale |       |       |       |       |       |       |       |   726 |   372 ||  1098
  Dodge: Dodged            |    28 |   101 |   201 |   294 |   495 |   390 |   511 |   337 |   150 ||  2507
  Block: Other             |       |    22 |    75 |   123 |   215 |   171 |   187 |   136 |    46 ||   975
         Reflection        |       |     3 |       |     7 |    23 |    10 |    16 |     4 |     4 ||    67
